 Dungeon Crawl Stone Soup version 0.29.1-13-g9f3cf754e1 (webtiles) character file.

Game seed: 12799978063832762716

72 javelincjr the Firebug (level 4, 0/30 HPs)
             Began as a Demonspawn Fire Elementalist on Jan 30, 2023.
             Slain by Robin
             ... wielding a +5 short sword of speed
              (7 damage)
             ... on level 2 of the Dungeon.
             The game lasted 00:08:30 (2349 turns).

javelincjr the Firebug (DsFE)                       Turns: 2349, Time: 00:08:31

Health: 0/30       AC:  3    Str: 11    XL:     4   Next: 6%
Magic:  0/8        EV: 12    Int: 16    God:
Gold:   90         SH:  0    Dex: 15    Spells: 5/8 levels left

rFire   . . .      SeeInvis +   h - +0 dagger
rCold   . . .      Faith    .   (no shield)
rNeg    . . .      Spirit   .   a - +0 robe
rPois   .          Reflect  .   p - +0 helmet
rElec   .          Harm     .   (no cloak)
rCorr   .          Rampage  .   (no gloves)
Will    .....                   (no boots)
Stlth   +++.......              (no amulet)
HPRegen 0.10/turn               l - ring of see invisible
MPRegen 0.11/turn               (no ring)

@: no status effects
A: thin skeletal structure 1, weakness stinger 1
a: no special abilities


You were on level 2 of the Dungeon.
You visited 1 branch of the dungeon, and saw 3 of its levels.

You collected 90 gold pieces.

Inventory:

Hand Weapons
 h - a +0 dagger (weapon)
Armour
 a - a +0 robe (worn)
 k - a +0 ring mail of willpower
 p - a +0 helmet (worn)
 r - a +2 hat
Jewellery
 l - a ring of see invisible (left hand)
Scrolls
 c - a scroll of poison {unknown}
 d - 4 scrolls of identify {unknown}
 f - a scroll of blinking {unknown}
 g - 3 scrolls of enchant weapon {unknown}
 j - a scroll of magic mapping {unknown}
 m - a scroll of teleportation {unknown}
 n - a scroll of fear {unknown}
 o - a scroll of immolation {unknown}
Potions
 b - 2 potions of magic
 e - 2 potions of lignification {unknown}
 i - 2 potions of resistance {unknown}
 q - a potion of degeneration {unknown}


   Skills:
 + Level 0.5 Short Blades
 + Level 2.0 Dodging
 + Level 2.6 Stealth
 + Level 2.7 Spellcasting
 + Level 1.3 Conjurations
 + Level 3.2 Fire Magic


You had 5 spell levels left.
You knew the following spells:

 Your Spells              Type           Power      Damage    Failure   Level
a - Foxfire               Conj/Fire      36%        2x1d5     8%          1
b - Scorch                Fire           24%        2d6       8%          2

Your spell library contained the following spells:

 Spells                   Type           Power      Damage    Failure   Level
 Conjure Flame            Conj/Fire      9%         6-21      22%         3
 Inner Flame              Hex/Fire       7%         N/A       30%         3
 Portal Projectile        Hex/Tloc       4%         N/A       50%         3
 Tukima's Dance           Hex            2%         N/A       50%         3
 Flame Wave               Conj/Fire      9%         2d6       58%         4
 Blade Hands              Tmut           1%         N/A       99%         5


Dungeon Overview and Level Annotations

Branches:
Dungeon (3/15)

Altars:

Shops:
D:2 =

Annotations:
D:2 Robin


Innate Abilities, Weirdness & Mutations

You have a somewhat thin skeletal structure. (Dex +2, Stealth+)
You have a small tail.


Message History

Confirm with . or Enter, or press ? or * to list all spells.
You don't have enough magic to cast this spell.
Unknown command.
Casting: Scorch (safe; 8% risk of failure)
Confirm with . or Enter, or press ? or * to list all spells.
You don't have enough magic to cast this spell.
You hit Robin.
Robin is lightly wounded.
Robin hits you with a +5 short sword of speed.
You closely miss Robin.
Robin is lightly wounded.
Robin throws the goblin at you!
The goblin unwields a +0 sling.
The goblin wields a +0 club.
The goblin hits you with a +0 club.
You hit Robin but do no damage.
Robin is lightly wounded.
Robin barely misses you. Robin completely misses you.
You barely miss the goblin. The goblin closely misses you. Robin misses you.
You barely miss the goblin.
Your tail-slap misses the goblin.
The goblin hits you with a +0 club. Robin hits you but does no damage.
You hit the goblin.
You kill the goblin!
Robin barely misses you.
Robin hits you with a +5 short sword of speed.
You hit Robin but do no damage.
Your tail-slap misses Robin.
Robin is lightly wounded.
Robin hits you with a +5 short sword of speed.
You barely miss Robin. You tail-slap Robin.
Robin is moderately wounded.
Robin hits you but does no damage.
Robin hits you with a +5 short sword of speed.
* * * LOW HITPOINT WARNING * * *
Robin hits you with a +5 short sword of speed.
* * * LOW HITPOINT WARNING * * *
You climb upwards.
There is a stone staircase leading down here.
Casting: Scorch (safe; 8% risk of failure)
Confirm with . or Enter, or press ? or * to list all spells.
You conjure some foxfire!
Robin hits you with a +5 short sword of speed!
You die...

............# #..######..#.#
....).......###..#.......#.#
.......####..##..#.#####...#
.......# ##..#..#.#<...####
.......# ##....#....#..#
.......# ##...####.#..#
.......# #...# #.##.#
.......# #.vg# #....#
######## ###@# ###### ###


You could see Robin (ally target).

Vanquished Creatures
  2 adders (D:2)
  A worm (D:2)
  A dart slug (D:2)
  An orc (D:3)
  7 ball pythons
  6 bats
  A giant cockroach (D:1)
  12 goblins
  2 hobgoblins
  2 jackals (D:2)
  3 quokkas
  3 frilled lizards (D:1)
  3 kobolds
  A rat (D:1)
45 creatures vanquished.

Vanquished Creatures (others)
  61 foxfires
61 creatures vanquished.

Grand Total: 106 creatures vanquished

Notes
Turn   | Place    | Note
-------+----------+-------------------------------------------
     0 | D:1      | javelincjr the Demonspawn Fire Elementalist began the quest
                  | for the Orb.
     0 | D:1      | Reached XP level 1. HP: 13/13 MP: 3/3
   207 | D:1      | Gained mutation: You have a somewhat thin skeletal
                  | structure. (Dex +2, Stealth+) [demonic ancestry]
   207 | D:1      | Reached XP level 2. HP: 19/19 MP: 0/5
   600 | D:1      | Found a faded altar of an unknown god.
   638 | D:1      | Learned a level 2 spell: Scorch
  1278 | D:2      | Reached skill level 3 in Fire Magic
  1309 | D:2      | Found Nebeu's Jewellery Emporium.
  1482 | D:2      | Gained mutation: You have a small tail. [demonic ancestry]
  1482 | D:2      | Reached XP level 3. HP: 16/24 MP: 0/6
  2259 | D:3      | Noticed Robin
  2277 | D:2      | Reached XP level 4. HP: 24/30 MP: 1/8
  2349 | D:2      | Slain by Robin

Illustrated notes

Levels and vault maps discovered:
D:1:      dpeg_arrival_ternary, layout_basic,
          dreamdust_ecumenical_altar_angels_and_demons
D:2:      layout_basic, serial_shops, nicolae_diamond_shop, st_stairs_5,
          eino_tiny_chamber
D:3:      lemuel_castle_with_subvaults [lemuel_castle_interior_original],
          layout_basic, uniq_robin

Skill      XL: |  1  2 |
---------------+-------+-----
Stealth        | 2 |  2.6
Dodging        | 2 |  2.0
Fire Magic     | 3 |  3.2
Short Blades   | |  0.5
Spellcasting   | |  2.7
Conjurations   | |  1.3

Action                   |  1- 3 |  4- 6 || total
-------------------------+-------+-------++-------
Melee: Unarmed           |     3 |       ||     3
       Dagger            |    39 |     9 ||    48
       Tailslap          |     1 |     2 ||     3
 Cast: Foxfire           |    34 |     1 ||    35
       Scorch            |    12 |     4 ||    16
 Stab: Sleeping          |     2 |       ||     2
Armor: Robe              |    12 |     3 ||    15
Dodge: Dodged            |    39 |     9 ||    48
